 Dungeon Crawl Stone Soup version 0.29-a0-823-gc37b1572da (webtiles) character file.

Game seed: 5056988491132011536

5 Anon1729 the Trooper (level 1, 0/17 (20) HPs)
             Began as a Minotaur Monk on July 8, 2022.
             Slain by a kobold
             ... wielding a +2 whip of draining
              (5 damage)
             ... on level 1 of the Dungeon.
             The game lasted 00:00:12 (99 turns).

Anon1729 the Trooper (Minotaur Monk)                  Turns: 99, Time: 00:00:12

HP:   0/17 (20)     AC:  2    Str: 15    XL:     1   Next: 66%
MP:   0/0           EV: 13    Int:  7    God:
Gold: 6             SH:  0    Dex: 12    Spells: 0/0 levels left

rFire   . . .      SeeInvis .   a - +0 falchion
rCold   . . .      Faith    .   (no shield)
rNeg    . . .      Spirit   .   b - +0 robe
rPois   .          Reflect  .   (helmet restricted)
rElec   .          Harm     .   (no cloak)
rCorr   .          Rampage  .   (no gloves)
Will    .....                   (no boots)
Stlth   ++........              (no amulet)
HPRegen 0.05/turn               (no ring)
MPRegen 0.07/turn               (no ring)

@: heavily drained
A: horns 2, retaliatory headbutt
a: no special abilities


You were on level 1 of the Dungeon.
You visited 1 branch of the dungeon, and saw 1 of its levels.

You collected 6 gold pieces.

Inventory:

Hand Weapons
 a - a +0 falchion (weapon)
Armour
 b - a +0 robe (worn)
Scrolls
 d - 2 scrolls of identify {unknown}
Potions
 c - a potion of ambrosia


   Skills:
 + Level 3.7 Fighting
 + Level 3.7 Long Blades
 + Level 3.4 Dodging
 + Level 1.7 Stealth


You couldn't memorise any spells.
You didn't know any spells.
Your spell library was empty.

Dungeon Overview and Level Annotations

Branches:
Dungeon (1/15)

Altars:


Innate Abilities, Weirdness & Mutations

You have a pair of horns on your head.
You reflexively headbutt those who attack you in melee.


Message History

A kobold is nearby!
A kobold is nearby!
A kobold is nearby!
The kobold shouts!
The kobold throws a stone.
The stone hits you.
The kobold throws a stone.
The stone hits you.
Found 10 gold pieces.
The kobold throws a stone.
The stone closely misses you.
The kobold hits you with a +2 whip of draining.
You feel drained.
You hit the kobold. Your headbutt misses the kobold.
The kobold is moderately wounded.
The kobold hits you with a +2 whip of draining!
You feel drained.
You are too injured to fight recklessly!
You are too injured to fight recklessly!
You are too injured to fight recklessly!
You are too injured to fight recklessly!
You are too injured to fight recklessly!
You are too injured to fight recklessly!
You are too injured to fight recklessly!
You are too injured to fight recklessly!
You are too injured to fight recklessly!
You are too injured to fight recklessly!
You are too injured to fight recklessly!
You are too injured to fight recklessly!
You are too injured to fight recklessly!
You hit the kobold. Your headbutt misses the kobold.
The kobold is severely wounded.
The kobold closely misses you.
You hit the kobold but do no damage. Your headbutt misses the kobold.
The kobold is severely wounded.
The kobold closely misses you.
You barely miss the kobold.
The kobold is severely wounded.
The kobold hits you with a +2 whip of draining.
* * * LOW HITPOINT WARNING * * *
You feel drained.
The kobold hits you with a +2 whip of draining.
You die...

#.#.....#.....#..
##.#..#..##..#....
..#.###.##.......
#$#..#..###.....#
#.#.....# #####.#
#...##### .#
#.....# ####.....#
#.K@..#.....#
#........#..#...
#.##.#######.....
#. ..#.. # ..#.. #


You could see a kobold.

Vanquished Creatures
  A giant cockroach (D:1)
  A goblin (D:1)
  A kobold (D:1)
  A bat (D:1)
  A rat (D:1)
5 creatures vanquished.

Notes
Turn   | Place    | Note
-------+----------+-------------------------------------------
     0 | D:1      | Anon1729 the Minotaur Monk began the quest for the Orb.
     0 | D:1      | Reached XP level 1. HP: 19/19 MP: 0/0
    99 | D:1      | Slain by a kobold

Illustrated notes

Levels and vault maps discovered:
D:1:      dpeg_arrival_prison, layout_loops_cross, serial_park_tiny_1,
          hangedman_decor_push

Action                   || total
-------------------------++-------
Melee: Falchion          ||    17
 Stab: Sleeping          ||     1
Armor: Robe              ||     3
Dodge: Dodged            ||    15

Table legend: (Time is in decaauts)
 A = Elapsed time spent in this place.
 B = Non-inter-level travel time spent in this place.
 C = Inter-level travel time spent in this place.
 D = Time resting spent in this place.
 E = Time spent auto-exploring this place.
 F = Levels seen in this place.
 G = Mean time per level.
                   A        B        C        D        E       F      G
               +--------+--------+--------+--------+--------+-----+--------+
         Total |    100 |    100 |      0 |      0 |     62 |   1 |  100.0 |
       Dungeon |    100 |    100 |      0 |      0 |     62 |   1 |  100.0 |
               +--------+--------+--------+--------+--------+-----+--------+

Top non-repeatable levels by time:
     D:1: 100 daAuts
